 Dungeon Crawl Stone Soup version 0.26-a0-1106-g6dfc622489 (webtiles) character file.

Game seed: 17530587474672342714

37 Majang the Chucker (level 3, -1/37 HPs)
             Began as an Ogre Hunter on Dec 16, 2020.
             Was an Initiate of Cheibriados.
             Slain by a worm (4 damage)
             ... on level 2 of the Dungeon.
             The game lasted 00:06:55 (1488 turns).

Majang the Chucker (Ogre Hunter)                    Turns: 1488, Time: 00:06:56

Health: -1/37      AC:  4    Str: 18    XL:     3   Next: 39%
Magic:  3/3        EV: 10    Int: 13    God:    Cheibriados [......]
Gold:   80         SH:  0    Dex: 10    Spells: 2/2 levels left

rFire    . . .     SeeInvis .   a - +0 club
rCold    . . .     Faith    .   (no shield)
rNeg     . . .     Spirit   .   b - +0 robe
rPois    .         Reflect  .   (helmet restricted)
rElec    .         Harm     .   g - +0 cloak
rCorr    .         Rampage  .   (gloves unavailable)
Will     .....                  (boots unavailable)
Stlth    +.........             (no amulet)
HPRegen  0.12/turn              (no ring)
MPRegen  0.08/turn              (no ring)

@: very slow
A: large, unfitting armour, tough skin 1
a: Bend Time, Renounce Religion


You were on level 2 of the Dungeon.
You worshipped Cheibriados.
Cheibriados was noncommittal.
You visited 1 branch of the dungeon, and saw 2 of its levels.

You collected 80 gold pieces.

Inventory:

Hand Weapons
 a - a +0 club (weapon)
 i - a +0 short sword
Missiles
 d - a throwing net (quivered)
 j - 9 stones
Armour
 b - a +0 robe (worn)
 g - a +0 cloak (worn)
Scrolls
 f - a scroll of amnesia {unknown}
 h - a scroll of random uselessness {unknown}
 m - a scroll of noise {unknown}
 n - 3 scrolls of identify {unknown}
 o - a scroll of remove curse
Potions
 e - a potion of invisibility {unknown}
 k - a potion of curing {unknown}
 l - a potion of attraction {unknown}


   Skills:
 + Level 3.0 Fighting
 * Level 1.2 Maces & Flails
 * Level 4.4 Throwing
 + Level 2.0 Dodging
 - Level 0.6 Stealth
 + Level 0.8 Invocations


You had 2 spell levels left.
You didn't know any spells.
Your spell library was empty.

Dungeon Overview and Level Annotations

Branches:
Dungeon (2/15)

Altars:
Cheibriados


Innate Abilities, Weirdness & Mutations

You are too large for most types of armour.
You have tough skin. (AC +1)


Message History

The worm is severely wounded.
The dart slug closely misses you. The worm bites you.
You hit the worm but do no damage.
The worm is severely wounded.
The dart slug bites you but does no damage.
The worm bites you!
* * * LOW HITPOINT WARNING * * *
You fail to use your ability.
The dart slug barely misses you.
You hit the worm.
The worm is almost dead.
The worm bites you.
* * * LOW HITPOINT WARNING * * *
You hit the worm but do no damage.
The worm is severely wounded.
The dart slug completely misses you. The worm bites you!
* * * LOW HITPOINT WARNING * * *
You hit the worm but do no damage.
The worm is severely wounded.
The dart slug barely misses you. The worm bites you.
You die...

.. #..............
.....)####.#..........
....?.............(...
.....#######..........
.......().............
....##.####.......... .
#.(...#..........
##w..#..##........
.#@....#.##........
.......w.......##.......
...........###...†.....#
.........######..#.....#
....(..... ............#
...((.#.........##......
..(.(.#.........###.....
...(..########### ####(.
#..


You could see a worm and a dart slug.

Vanquished Creatures
  An adder (D:2)
  A dart slug (D:1)
  5 bats
  A giant cockroach (D:1)
  2 goblins (D:1)
  3 hobgoblins (D:1)
  4 kobolds
  A ball python (D:1)
  3 frilled lizards
  5 rats
26 creatures vanquished.

Notes
Turn   | Place    | Note
-------+----------+-------------------------------------------
     0 | D:1      | Majang the Ogre Hunter began the quest for the Orb.
     0 | D:1      | Reached XP level 1. HP: 22/22 MP: 1/1
    76 | D:1      | Reached XP level 2. HP: 28/29 MP: 2/2
   452 | D:1      | Found a snail-covered altar of Cheibriados.
   457 | D:1      | Became a worshipper of Cheibriados the Contemplative
   788 | D:1      | Reached skill level 1 in Maces & Flails
  1144 | D:2      | Reached XP level 3. HP: 11/37 MP: 3/3
  1488 | D:2      | Slain by a worm

Illustrated notes

Levels and vault maps discovered:
D:1:      lightli_arrival_windingriver, layout_basic, cheibriados_altar_1
D:2:      layout_rooms, kennysheep_flooded_box, uniq_terence, uniq_sigmund

Skill      XL: |  1  2 |
---------------+-------+-----
Dodging        | 2 |  2.0
Fighting       | 3 |  3.0
Maces & Flails | 1 |  1.2
Throwing       | |  4.4
Stealth        | |  0.6
Invocations    | |  0.8

Action                   || total
-------------------------++-------
Melee: Short sword       ||    16
       Club              ||    97
Throw: Throwing net      ||     3
       Large rock        ||     8
       Stone             ||     8
  Use: Scroll            ||     1
Armor: Robe              ||    37
Dodge: Dodged            ||    82

Table legend: (Time is in decaauts)
 A = Elapsed time spent in this place.
 B = Non-inter-level travel time spent in this place.
 C = Inter-level travel time spent in this place.
 D = Time resting spent in this place.
 E = Time spent auto-exploring this place.
 F = Levels seen in this place.
 G = Mean time per level.
                   A        B        C        D        E       F      G
               +--------+--------+--------+--------+--------+-----+--------+
         Total |   1698 |   1657 |     41 |    343 |    840 |   2 |  849.0 |
       Dungeon |   1698 |   1657 |     41 |    343 |    840 |   2 |  849.0 |
               +--------+--------+--------+--------+--------+-----+--------+

Top non-repeatable levels by time:
     D:1: 1303 daAuts
     D:2: 395 daAuts
